 Dungeon Crawl Stone Soup version 0.28.0-43-g3370ac3207 (webtiles) character file.

Game seed: 6328087758958967972

11032 smarlow the Thaumaturge (level 12, -18/84 HPs)
             Began as a Djinni Conjurer on Mar 9, 2022.
             Was a Follower of Makhleb.
             Demolished by a swamp worm (23 damage)
             ... on level 10 of the Dungeon.
             The game lasted 00:23:29 (16458 turns).

smarlow the Thaumaturge (Djinni Conjurer)          Turns: 16458, Time: 00:23:29

Health: -18/84     AC:  6    Str:  6    XL:     12   Next: 2%
Gold:   715        EV: 13    Int: 30    God:    Makhleb [*.....] SH:  7 Dex: 13

rFire   + + .      SeeInvis .   j - +2 short sword (protect)
rCold   x . .      Faith    .   E - +0 kite shield
rNeg    . . .      Spirit   .   w - +2 robe
rPois   ∞          Reflect  .   (no helmet)
rElec   .          Harm     .   k - +1 cloak
rCorr   .          Rampage  .   (no gloves)
Will    +....                   (boots unavailable)
Stlth   +++.......              (no amulet)
HPRegen 0.24/turn               o - +6 ring of intelligence
MPRegen 0.00/turn               (no ring)

@: brilliant, flying
A: sickness immunity, fire resistance 2, cold vulnerability 1, float, innate
caster, HP casting, extra vitality 1
a: Renounce Religion


You were on level 10 of the Dungeon.
You worshipped Makhleb.
Makhleb was aware of your devotion.
You visited 2 branches of the dungeon, and saw 12 of its levels.
You also visited: Bailey.

You collected 715 gold pieces.

Inventory:

Hand Weapons
 j - a +2 short sword of protection (weapon)
 G - the +7 fustibalus of Death's Door {venom, *Slow rC++ Will- Stlth+}
   (You found it in a bailey)

   Any ammunition fired from it poisons the flesh of those it strikes.
   rC:        It greatly protects you from cold.
   *Slow:     It may slow you when you take damage.
   Will:      It decreases your willpower.
   Stlth:     It makes you more stealthy.
Missiles
 q - a throwing net
Armour
 k - a +1 cloak (worn)
 w - a +2 robe (worn)
 E - a +0 kite shield (worn)
Jewellery
 o - a +6 ring of intelligence (left hand)
Wands
 a - a wand of acid (7)
 y - a wand of mindburst (9)
 C - a wand of iceblast (5)
 H - a wand of flame (6)
 J - a wand of polymorph (7)
Scrolls
 b - 2 scrolls of noise
 d - 2 scrolls of enchant armour
 i - 2 scrolls of brand weapon
 m - a scroll of torment
 n - a scroll of magic mapping
 r - a scroll of fear
 s - 3 scrolls of fog
 B - a scroll of teleportation {unknown}
 I - a scroll of blinking {unknown}
Potions
 c - 2 potions of degeneration {unknown}
 f - 5 potions of curing
 g - 4 potions of resistance {unknown}
 h - 3 potions of attraction {unknown}
 l - a potion of flight {unknown}
 p - a potion of haste {unknown}
 t - 2 potions of mutation {unknown}
 u - 3 potions of brilliance
 v - a potion of berserk rage {unknown}
 x - 3 potions of heal wounds {unknown}
 z - 2 potions of invisibility {unknown}
 A - 2 potions of lignification {unknown}
 D - 2 potions of might {unknown}
 F - a potion of experience


   Skills:
 * Level 6.7 Fighting
 + Level 6.7 Armour
 + Level 7.8 Dodging
 + Level 6.4 Stealth
 + Level 0.0 Shields
 * Level 10.0 Spellcasting
 + Level 0.0 Invocations


You had 4 spell levels left.
You knew the following spells:

 Your Spells              Type           Power      Damage    Failure   Level
a - Magic Dart            Conj           100%       1d8       1%          1
b - Searing Ray           Conj           100%       2d8       1%          2
c - Dazzling Flash        Conj/Hex       100%       N/A       1%          3
d - Fulminant Prism       Conj/Hex       42%        3d20      1%          4
e - Iskenderun's Mystic   Conj/Tloc      85%        2d17      1%          4
f - Animate Skeleton      Necr           100%       N/A       1%          1
g - Ensorcelled Hibernat  Hex/Ice        100%       N/A       1%          2
h - Ignite Poison         Fire/Tmut/Pois 85%        N/A       1%          3
i - Tukima's Dance        Hex            85%        N/A       1%          3
j - Petrify               Tmut/Erth      85%        N/A       1%          4
Your spell library was empty.

Dungeon Overview and Level Annotations

Branches:
Dungeon (11/15)            Temple (1/1) D:5            Lair (0/6) D:9
    Orc (0/2) D:10         Bailey (visited)

Altars:
Ashenzari
Cheibriados
Dithmenos
Elyvilon
Fedhas
Gozag
Hepliaklqana
Kikubaaqudgha
Makhleb
Nemelex Xobeh
Okawaru
Qazlal
Ru
Sif Muna
Trog
Uskayaw
Vehumet
Wu Jian
Xom
Yredelemnul
Zin
The Shining One

Shops:
D:8 =[(*(

Annotations:
D:10 1 transporter


Innate Abilities, Weirdness & Mutations

You are immune to sickness and miasma.
You are immune to poison.
Your flesh is very heat resistant. (rF++)
You are vulnerable to cold. (rC-)
You float through the air rather than walking.
You learn spells naturally, not from books.
Your magical power is your life essence.
You have superior vitality. (+4 MHP)


Message History

Okay, then.
As you read the scroll of fear, it crumbles to dust.
You assume a fearsome visage.
The swamp worm looks frightened! x3
Your fulminant prism explodes!
The blast of energy engulfs the briar patch!
You destroy the briar patch!
The blast of energy engulfs the briar patch!!
You destroy the briar patch!
The blast of energy engulfs the swamp worm!!
The swamp worm is heavily wounded.
Your attack snaps the swamp worm out of its fear.
The blast of energy engulfs the briar patch!!
You destroy the briar patch!
The blast of energy engulfs the briar patch!
You destroy the briar patch!
The blast of energy engulfs the swamp worm!!
The swamp worm is severely wounded.
The blast of energy engulfs the briar patch!
You destroy the briar patch!
The blast of energy engulfs the briar patch!
You destroy the briar patch!
As you read the scroll labelled EXACHIT ATEIM, it crumbles to dust.
You feel momentarily disoriented.
It was a scroll of magic mapping.
Cornered, the swamp worm turns to fight! x3
It was a potion of brilliance.
You feel clever all of a sudden.
Okay, then.
You feel better.
This is a scroll of acquirement!
Something appears before you!
The swamp worm fires a harpoon shot at you.
The harpoon shot hits you!!
* * * LOW HITPOINT WARNING * * *
You are yanked forward by the harpoon shot.
The swamp worm fires a harpoon shot at you.
The harpoon shot hits you!
* * * LOW HITPOINT WARNING * * *
You are yanked forward by the harpoon shot.
The swamp worm bites you!!
You die...

.....#............©..............
#...............#####............
..............###P©P###..........
.#............#♣≈.^§≈##..........
....).).......##§.^§§w#..........
...)..........#w≈.^.≈##..........
...)#.........###§^.≈♣#.....#....
...)..........#w≈.^§###......#...
.(#.##........##@.^.≈w#......#.#.
..............#w≈P§P≈##..........
..............####+####..........
................#())#............
................#=©[#.........>..
................#####............
...........##.....©..............
...........#................#....
...#....#..................##....


You could see 5 swamp worms.

Vanquished Creatures
  An orc warlord (Bailey)
  2 two-headed ogres
  3 death yaks (D:9)
  Pikel (D:9)
  2 hornets
  A steam dragon (D:10)
  3 wraiths
  16 yaks
  Menkaure (D:7)
  2 water moccasins
  An acid dragon (D:9)
  An ice beast (D:6)
  A black bear (D:7)
  4 orc warriors
  A necrophage (D:4)
  2 ogres
  3 kobold brigands
  A lemure (D:9)
  Blork the orc (D:6)
  A bullfrog (D:8)
  A gnoll sergeant (D:9)
  A scorpion (D:7)
  2 water moccasin zombies
  4 killer bees (D:10)
  7 wights
  6 howler monkeys
  A centaur zombie (D:7)
  A bullfrog skeleton (D:7)
  2 orc priests
  A hound (D:4)
  A centaur skeleton (D:7)
  3 iguanas
  7 orc wizards
  A hell rat (D:9)
  A scorpion zombie (D:5)
  3 howler monkey skeletons
  8 gnolls
  5 river rats (D:9)
  8 adders
  3 shadow imps
  A worm (D:3)
  30 orcs
  5 bats
  3 endoplasms
  5 giant cockroaches
  17 goblins
  12 hobgoblins
  7 jackals
  4 quokkas
  10 ball pythons
  5 frilled lizards
  30 kobolds
  7 rats
  9 briar patches (D:10)
259 creatures vanquished.

Vanquished Creatures (others)
  A shadow (D:10)
  A briar patch (D:10)
  40 fulminant prisms
42 creatures vanquished.

Grand Total: 301 creatures vanquished

Notes
Turn   | Place    | Note
-------+----------+-------------------------------------------
     0 | D:1      | smarlow the Djinni Conjurer began the quest for the Orb.
     0 | D:1      | Reached XP level 1. HP: 15/15 MP: 0/0
   420 | D:1      | Reached XP level 2. HP: 19/21 MP: 0/0
  1312 | D:1      | Reached XP level 3. HP: 25/25 MP: 0/0
  1312 | D:1      | Learned a level 1 spell: Animate Skeleton
  1638 | D:2      | Reached skill level 4 in Spellcasting
  2137 | D:3      | Reached XP level 4. HP: 21/31 MP: 0/0
  2331 | D:3      | Found a faded altar of an unknown god.
  2414 | D:3      | Found an iron altar of Okawaru.
  2415 | D:3      | Found an opulent altar of Gozag.
  2828 | D:3      | Reached XP level 5. HP: 34/35 MP: 0/0
  2828 | D:3      | Learned a level 2 spell: Ensorcelled Hibernation
  2958 | D:3      | Reached skill level 5 in Spellcasting
  3605 | D:3      | Noticed an ogre
  3611 | D:3      | Killed an ogre
  3612 | D:3      | Reached XP level 6. HP: 12/40 MP: 0/0
  4355 | D:4      | Noticed a necrophage
  4364 | D:4      | Killed a necrophage
  4365 | D:4      | Reached skill level 6 in Spellcasting
  4365 | D:4      | Reached XP level 7. HP: 36/45 MP: 0/0
  4365 | D:4      | Learned a level 3 spell: Ignite Poison
  5544 | D:5      | Entered Level 5 of the Dungeon
  5651 | D:5      | Noticed a water moccasin
  5659 | D:5      | Killed a water moccasin
  5738 | D:5      | Reached skill level 7 in Spellcasting
  6276 | D:5      | Reached XP level 8. HP: 35/50 MP: 0/0
  6389 | D:5      | Found a staircase to the Ecumenical Temple.
  6466 | Temple   | Entered the Ecumenical Temple
  7587 | D:6      | Reached skill level 8 in Spellcasting
  7603 | D:6      | Noticed Blork the orc
  8047 | D:6      | Killed Blork the orc
  8470 | D:7      | Noticed a hornet
  8478 | D:7      | Killed a hornet
  8479 | D:7      | Reached skill level 1 in Fighting
  8479 | D:7      | Reached skill level 1 in Armour
  8479 | D:7      | Reached XP level 9. HP: 42/57 MP: 0/0
  8479 | D:7      | Learned a level 3 spell: Tukima's Dance
  9005 | D:7      | Noticed Menkaure
  9010 | D:7      | Killed Menkaure
 10168 | D:8      | Found Pusoteym's Antique Weapon Emporium.
 10199 | D:8      | Reached skill level 9 in Spellcasting
 10199 | D:8      | Reached XP level 10. HP: 30/67 MP: 0/0
 10424 | D:8      | Found Ehieczal's Weapon Boutique.
 10425 | D:8      | Found Fuame's Antique Armour Shop.
 10549 | D:8      | Found Vupys's Assorted Antiques.
 10584 | D:8      | Noticed a two-headed ogre
 10592 | D:8      | Reached skill level 5 in Dodging
 10596 | D:8      | Killed a two-headed ogre
 10810 | D:8      | Found Fuudghum's Jewellery Shop.
 11422 | D:9      | Noticed Pikel
 11428 | D:9      | Killed Pikel
 11438 | D:9      | Noticed a death yak
 11440 | D:9      | Noticed a death yak
 11440 | D:9      | Noticed a death yak
 11693 | D:9      | Reached skill level 5 in Fighting
 11693 | D:9      | Reached skill level 5 in Armour
 11933 | D:9      | Reached skill level 5 in Stealth
 11938 | D:9      | Reached XP level 11. HP: 53/75 MP: 0/0
 11938 | D:9      | Learned a level 4 spell: Petrify
 12263 | D:9      | Found a staircase to the Lair.
 12347 | D:9      | Killed a death yak
 13103 | D:9      | Killed a death yak
 13119 | D:9      | Killed a death yak
 13675 | D:9      | Found a burning altar of Makhleb.
 13810 | D:9      | Became a worshipper of Makhleb the Destroyer
 13854 | D:10     | Entered Level 10 of the Dungeon
 13866 | D:10     | HP: 3/76 [spore (26)]
 14198 | D:10     | Noticed a two-headed ogre
 14562 | D:10     | Found a flagged portal.
 14572 | Bailey   | Entered a bailey
 14577 | Bailey   | Noticed an orc warlord
 14965 | Bailey   | Found a runed translucent gate.
 14968 | Bailey   | Found a runed translucent gate.
 14970 | Bailey   | Found a runed translucent gate.
 15129 | Bailey   | Killed an orc warlord
 15129 | Bailey   | Reached * piety under Makhleb
 15268 | Bailey   | Identified the +7 fustibalus of Death's Door {venom, *Slow
                  | rC++ Will- Stlth+}
 15365 | D:10     | Found a transporter.
 16044 | D:10     | Killed a two-headed ogre
 16045 | D:10     | Reached skill level 10 in Spellcasting
 16045 | D:10     | Reached XP level 12. HP: 61/84 MP: 0/0
 16150 | D:10     | Found a transporter.
 16197 | D:10     | Found a staircase to the Orcish Mines.
 16458 | D:10     | Identified a scroll of acquirement
 16458 | D:10     | Acquired the +2 kite shield "Tukiguf" {rC++ Will- Int+3
                  | Stlth+}
 16458 | D:10     | Demolished by a swamp worm

Illustrated notes

Levels and vault maps discovered:
D:1:      dpeg_arrival_shelter, layout_basic, minmay_pentomino_p2
D:2:      minmay_angry_zag, layout_basic
D:3:      minmay_chambers_of_threes, layout_basic, minitemple,
          hellmonk_ecumenical_altar_crossroads, minmay_misc_feat_tower
D:4:      layout_loops_ring, nicolae_underground_beach
D:5:      layout_layer_cave, minmay_temple_entry_grid
D:6:      layout_cave_pools, kennysheep_path_1, uniq_blork_the_orc
D:7:      layout_gridville, minivault_25, minmay_circle_x, uniq_menkaure
D:8:      layout_loops_corners, serial_shops, nicolae_square_shop,
          nicolae_shop_overgrown_old_shop, nicolae_shop_bloodbath_and_beyond,
          shop, shop_statue
D:9:      layout_basic, lemuel_coloured_pillars_altar, dpeg_lair_monsters,
          chequers_serial_rivers_micro_b, uniq_pikel
D:10:     gammafunk_worm_tunnel, layout_cross, enter_bailey_5
D:11:     kennysheep_town
Temple:   dpeg_five_rooms_temple

Skill      XL: |  1  2  3  4  5  6  7  8  9 10 11 |
---------------+----------------------------------+-----
Spellcasting   | 4 5 6 7 8 9 10 | 10.0
Fighting       | 1 3 5 6 |  6.7
Armour         | 1 3 5 6 |  6.7
Stealth        | 2 3 5 6 |  6.4
Dodging        | 4 6 7 |  7.8

Action                   |  1- 3 |  4- 6 |  7- 9 | 10-12 || total
-------------------------+-------+-------+-------+-------++-------
Melee: Short sword       |       |     1 |       |       ||     1
 Cast: Magic Dart        |    83 |   109 |   210 |   163 ||   565
       Iskenderun's Myst |       |     3 |    37 |    80 ||   120
       Searing Ray       |       |       |     5 |     4 ||     9
       Fulminant Prism   |       |       |     7 |    33 ||    40
  Use: Scroll            |       |       |       |    13 ||    13
       Potion            |       |       |       |     3 ||     3
Armor: Robe              |     4 |     5 |     5 |     3 ||    17
Dodge: Dodged            |     3 |    26 |    14 |    17 ||    60
Block: Kite shield       |       |       |       |     6 ||     6
